 Dungeon Crawl Stone Soup version 0.22-a0-617-g6d95e9e (webtiles) character file.

116 Gildeon the Insei (level 5, -3/33 HPs)
             Began as an Octopode Transmuter on July 12, 2018.
             Killed from afar by an orc wizard (11 damage)
             ... with a magic dart
             ... on level 4 of the Dungeon.
             The game lasted 00:20:39 (3839 turns).

Gildeon the Insei (Octopode Transmuter)             Turns: 3839, Time: 00:20:39

Health: -3/33      AC:  1    Str: 11    XL:     5   Next: 0%
Magic:  7/9        EV: 14    Int: 15    God:
Gold:   168        SH:  0    Dex: 12    Spells: 3/9 levels left

rFire    + . .     SeeInvis .     - Unarmed
rCold    x . .     Gourm    .   (no shield)
rNeg     . . .     Faith    .   (helmet restricted)
rPois    .         Spirit   .   (no amulet)
rElec    .         Reflect  .   k - ring of fire
rCorr    .         Harm     .   (no ring)
MR       .....                  (no ring)
Stlth    +++.......             (no ring)
HPRegen  0.11/turn              (no ring)
MPRegen  0.11/turn              (no ring)
                                (no ring)
                                (no ring)

@: appendage, slowed, very slow
A: almost no armour, stealthy swim, amphibious, 8 rings, constrict 8, tentacle
spike 3, camouflage 1, gelatinous body 1
a: End Transformation


You were on level 4 of the Dungeon.
You were not hungry.
One of your tentacles had a temporary spike.
You visited 1 branch of the dungeon, and saw 4 of its levels.

You collected 168 gold pieces.

Inventory:

Hand Weapons
 i - a +0 blowgun
Missiles
 a - 35 arrows
 d - 8 needles of confusion
 j - 10 poisoned needles
Jewellery
 k - a ring of fire (left tentacle)
Scrolls
 g - a scroll of enchant armour
 h - 4 scrolls of amnesia
Potions
 b - a potion of curing
 e - a potion of heal wounds
 f - a potion of magic
 l - a potion of resistance {unknown}
 n - a potion of mutation {unknown}
Comestibles
 c - 3 rations
 m - 3 chunks of flesh


   Skills:
 - Level 1.0 Fighting
 + Level 2.8 Dodging
 + Level 2.5 Stealth
 + Level 3.5 Unarmed Combat
 + Level 2.6 Spellcasting
 + Level 2.7 Transmutations
 - Level 1.0 Poison Magic


You had 3 spell levels left.
You knew the following spells:

 Your Spells              Type           Power        Failure   Level  Hunger
a - Beastly Appendage     Tmut           ##....       7%          1    #......
b - Sticks to Snakes      Tmut           ##......     10%         2    ##.....
c - Spider Form           Tmut/Pois      #.........   28%         3    ###....

Your spell library contained the following spells:

 Spells                   Type           Power        Failure   Level  Hunger
 Blade Hands              Tmut           ##........   88%         5    ######.
 Ice Form                 Ice/Tmut       #.......     75%         4    #####..


Dungeon Overview and Level Annotations

Branches:
Dungeon (4/15)
 Temple: D:4-7

Altars:
Gozag
Okawaru
Qazlal
Trog
Uskayaw
Xom

Annotations:
D:2 exclusion: 2 gnolls


Innate Abilities, Weirdness & Mutations

You cannot wear most types of armour.
You are very stealthy in the water. (Stealth+)
You are amphibious.
You can wear up to eight rings at the same time.
You can use your tentacles to constrict eight enemies at once.
Your skin changes colour to match your surroundings (Stealth+).
Your rubbery body absorbs attacks. (AC +1, EV +1)
One of your tentacles bears a large vicious spike.


Message History

The orc wizard blinks!
You tentacle-slap the orc wizard. Your grab misses the orc wizard.
Your tentacle spike misses the orc wizard.
The orc wizard is lightly wounded.
The orc wizard gestures at you while chanting.
You feel yourself slow down. The orc wizard barely misses you.
You closely miss the orc wizard. You grab the orc wizard.
The orc wizard is lightly wounded.
You constrict the orc wizard, but do no damage.
The orc wizard points at you and mumbles some strange words.
The magic dart hits you!
The orc wizard gestures at you while chanting.
The magic dart hits you!
* * * LOW HITPOINT WARNING * * *
You tentacle-slap the orc wizard but do no damage.
The orc wizard is lightly wounded.
You constrict the orc wizard. The orc wizard casts a spell at you.
The magic dart hits you!
You die...

######### #.....<.#
#.#####.# ## # #.#
###.###### .. #.#.#
#.....@o.#
#.#.#.###.#.####)##
###.....##.#..###)..#
........#.###....#.#.#
.##......##
##...#.##.# #.....##
##....# ... ##..##.
...### ##. ..... #
o##.# . ####+ .. #..


You could see an orc wizard.

Vanquished Creatures
  3 adders (D:2)
  An ooze (D:2)
  A worm (D:4)
  A dart slug (D:1)
  3 leopard geckos
  3 orcs (D:4)
  11 bats
  5 giant cockroaches
  8 goblins
  8 hobgoblins
  8 jackals
  6 kobolds
  A quokka (D:3)
  A ball python (D:1)
  4 frilled lizards
  5 rats
69 creatures vanquished.

Notes
Turn   | Place    | Note
-------+----------+-------------------------------------------
     0 | D:1      | Gildeon the Octopode Transmuter began the quest for the Orb.
     0 | D:1      | Reached XP level 1. HP: 13/13 MP: 3/3
   241 | D:1      | Reached XP level 2. HP: 18/18 MP: 3/5
   249 | D:1      | Reached skill level 1 in Stealth
   287 | D:1      | Learned a level 2 spell: Sticks to Snakes
   876 | D:1      | Reached XP level 3. HP: 23/23 MP: 4/6
  1022 | D:1      | Learned a level 3 spell: Spider Form
  1455 | D:2      | Found a stormy altar of Qazlal.
  2102 | D:2      | Found an opulent altar of Gozag.
  2102 | D:2      | Found an iron altar of Okawaru.
  2112 | D:2      | Found a faded altar of an unknown god.
  2116 | D:2      | Found a bloodstained altar of Trog.
  2118 | D:2      | Found a faded altar of an unknown god.
  2370 | D:2      | Reached XP level 4. HP: 27/28 MP: 5/7
  2435 | D:2      | Found a shimmering altar of Xom.
  2499 | D:2      | Reached skill level 1 in Poison Magic
  2573 | D:2      | Found a hide-covered altar of Uskayaw.
  3829 | D:4      | Reached XP level 5. HP: 24/33 MP: 7/9
  3839 | D:4      | Killed from afar by an orc wizard

Vault maps used:
D:1:      tarquinn_simple_flora_water_a, lemuel_flame_loot_1
D:2:      grunt_qazlal_clouds, lemuel_crystal_altar, old_standard_altar,
          chequers_temple_overflow_minitemple, bh_walls_and_bars
D:4:      minmay_misc_feat_iff, uniq_ijyb, uniq_sigmund, uniq_pikel

Skill      XL: |  1  2  3  4 |
---------------+-------------+-----
Stealth        | 1 2 |  2.5
Poison Magic   | 1 |  1.0
Fighting       | |  1.0
Dodging        | |  2.8
Unarmed Combat | |  3.5
Spellcasting   | |  2.6
Transmutations | |  2.7

Action                   |  1- 3 |  4- 6 || total
-------------------------+-------+-------++-------
Melee: Unarmed           |    74 |    75 ||   149
       Constrict         |    24 |    21 ||    45
       Kick              |    15 |    10 ||    25
       Tentacles         |     8 |     9 ||    17
       Punch             |     2 |       ||     2
 Cast: Beastly Appendage |    19 |    11 ||    30
  Use: Scroll            |     6 |     6 ||    12
 Stab: Sleeping          |    10 |     7 ||    17
  Eat: Chunk             |     1 |     4 ||     5
       Ration            |     1 |     1 ||     2
Armor: Skin              |    15 |     3 ||    18
Dodge: Dodged            |    51 |    40 ||    91

Table legend:
 A = Spawn XP
 B = Non-spawn XP
 C = Spawn XP percentage of total XP
 D = Spawn monster count
 E = Non-spawn monster count
 F = Spawn count percentage of total count
 G = Total turns spent on level
                    A         B        C        D         E        F      G
               +---------+---------+-------+---------+---------+-------+---------
         Total |       0 |     166 |   0.0 |       0 |      69 |   0.0 |  3839
               +---------+---------+-------+---------+---------+-------+---------
           D:1 |       0 |      42 |   0.0 |       0 |      25 |   0.0 |  1347
           D:2 |       0 |      80 |   0.0 |       0 |      22 |   0.0 |  1364
           D:3 |       0 |      30 |   0.0 |       0 |      18 |   0.0 |  1044
           D:4 |       0 |      14 |   0.0 |       0 |       4 |   0.0 |    84
               +---------+---------+-------+---------+---------+-------+---------
